 Dungeon Crawl Stone Soup version 0.22.1-1-ga44c0e56f4 (webtiles) character file.

94 Knicklaso the Conjurer (level 4, -4/24 HPs)
             Began as a Tengu Wizard on Sept 29, 2018.
             Slain by Terence
             ... wielding a +0 falchion
              (7 damage)
             ... on level 3 of the Dungeon.
             The game lasted 00:06:04 (2016 turns).

Knicklaso the Conjurer (Tengu Wizard)               Turns: 2016, Time: 00:06:05

Health: -4/24      AC:  2    Str:  7    XL:     4   Next: 63%
Magic:  10/10      EV: 12    Int: 20    God:
Gold:   104        SH:  0    Dex: 12    Spells: 9/10 levels left

rFire    . . .     SeeInvis .   a - +1 dagger (speed)
rCold    . . .     Gourm    .   (no shield)
rNeg     . . .     Faith    .   c - +0 robe
rPois    .         Spirit   .   b - +0 hat
rElec    .         Reflect  .   (no cloak)
rCorr    .         Harm     .   (no gloves)
MR       .....                  (boots unavailable)
Stlth    ++........             (no amulet)
HPRegen  0.08/turn              (no ring)
MPRegen  0.12/turn              (no ring)

@: no status effects
A: beak, talons 3
a: no special abilities


You were on level 3 of the Dungeon.
You were not hungry.

You visited 1 branch of the dungeon, and saw 3 of its levels.

You collected 104 gold pieces.

Inventory:

Hand Weapons
 a - a +1 dagger of speed (weapon)
Armour
 b - a +0 hat (worn)
 c - a +0 robe (worn)
Scrolls
 f - 4 scrolls of identify {unknown}
 g - a scroll of immolation {unknown}
 j - 3 scrolls of remove curse {unknown}
 k - 2 scrolls of fog {unknown}
Potions
 e - 2 potions of curing {unknown}
 h - a potion of heal wounds {unknown}
 i - 3 potions of might {unknown}
Comestibles
 d - 2 rations


   Skills:
 - Level 2.1 Dodging
 - Level 2.0 Stealth
 + Level 3.7 Spellcasting
 * Level 4.8 Conjurations
   Level 1.2 Summonings
   Level 0.7 Translocations


You had 9 spell levels left.
You knew the following spells:

 Your Spells              Type           Power        Failure   Level  Hunger
a - Magic Dart            Conj           ###.         1%          1    None

Your spell library contained the following spells:

 Spells                   Type           Power        Failure   Level  Hunger
 Call Imp                 Summ           #.......     12%         2    ##.....
 Blink                    Tloc           N/A          16%         2    ##.....
 Conjure Flame            Conj/Fire      ##......     16%         3    ###....
 Slow                     Hex            #.......     21%         2    ##.....
 Mephitic Cloud           Conj/Pois/Air  ##......     21%         3    ###....


Dungeon Overview and Level Annotations

Branches:
Dungeon (3/15)

Altars:
Elyvilon

Annotations:
D:2 Sigmund
D:3 Terence


Innate Abilities, Weirdness & Mutations

You have a beak for a mouth.
You have claws for feet.


Message History

Casting: Magic Dart (safe; 1% risk of failure)
Confirm with . or Enter, or press ? or * to list all spells.
You can't see any susceptible monsters within range! (Use Z to cast anyway.)
You hit something but do no damage. Something hits you.
You closely miss something. You claw something. You hit something.
Something hits you.
You closely miss something. Something hits you.
You miss something. You closely miss something. You claw something.
Something hits you!
You closely miss something. You hit something. Something hits you.
You closely miss something. Something hits you!
* * * LOW HITPOINT WARNING * * *
An orc comes into view. It is wielding a club.
The orc moves out of view.
An orc comes into view. It is wielding a war axe.
All of the chunks of flesh in your inventory have rotted away.
The orc shouts!
Something hits you!
You die... .... .oo

#... ..o #...# #.##
#...†....
#....##.#####
##.......#...
.........#.# #
#...@...#.###
#..#......... #
#...........# #
#..##.#####.# .
#...........# .
#######..##.#####.#
#
#........##.....#.#
#
#........##....##.#
...........#....##.#
#...#.


You could see an orc priest (wandering) and 2 orcs.

Vanquished Creatures
  An orc priest (D:2)
  2 adders
  An ooze (D:3)
  3 dart slugs
  2 leopard geckos (D:1)
  A ball python (D:1)
  7 bats
  2 giant cockroaches
  3 hobgoblins
  4 kobolds (D:1)
  A quokka (D:3)
  A frilled lizard (D:1)
  4 goblins
  5 rats
37 creatures vanquished.

Notes
Turn   | Place    | Note
-------+----------+-------------------------------------------
     0 | D:1      | Knicklaso the Tengu Wizard began the quest for the Orb.
     0 | D:1      | Reached XP level 1. HP: 10/10 MP: 5/5
   183 | D:1      | Reached skill level 2 in Conjurations
   279 | D:1      | Reached XP level 2. HP: 15/15 MP: 5/7
   668 | D:1      | Reached skill level 3 in Conjurations
   764 | D:1      | Reached XP level 3. HP: 19/19 MP: 3/8
   992 | D:2      | Found a white marble altar of Elyvilon.
  1241 | D:2      | Noticed Sigmund
  1284 | D:2      | Reached skill level 4 in Conjurations
  1284 | D:2      | Reached XP level 4. HP: 21/24 MP: 4/10
  1979 | D:3      | Noticed Terence
  1992 | D:3      | HP: 1/24 [something (8)]
  2016 | D:3      | Slain by Terence

Skill      XL: |  1  2  3 |
---------------+----------+-----
Conjurations   | 2 3 4 |  4.8
Dodging        | |  2.1
Stealth        | |  2.0
Spellcasting   | |  3.7
Summonings     | |  1.2
Translocations | |  0.7

Action                   |  1- 3 |  4- 6 || total
-------------------------+-------+-------++-------
Melee: Dagger            |    13 |    10 ||    23
       Kick              |     2 |     2 ||     4
       Peck              |       |     1 ||     1
 Cast: Magic Dart        |    72 |    19 ||    91
  Eat: Chunk             |     1 |     2 ||     3
Armor: Robe              |     4 |       ||     4
Dodge: Dodged            |    15 |       ||    15
